cohdb
Replays
Latest Replays
All Replays
Popular Replays
Top Player Replays
Match Explorer
How It Works
Community
CoH3 Stats
Reddit
Sign in to upload your games and track your stats! →
Sign in with Steam
Match 42112015
Unlisted
Match 42112015
Overview
Messages
Build Orders
End
Scout Squad
Selects Airborne Battlegroup
Selects Pathfinders
Construct Weapon Support Center
M1919 Machine Gun Team
Bazooka Squad
Infantry Support Center
M1919 Machine Gun Team
Selects Paratrooper Squad Paradrop
Construct Medical Station
Munitions Surplus
Construct Barracks
M1 Mortar Team
Selects Anti-tank Gun Team Paradrop
Anti-tank Gun Team Paradrop
Construct Motor Pool
TotalRudeboy
Kimchi Man
ßoo
樱岛麻衣
HELLO
SpudBoy
0
0
Comments
sign in to comment!
No comments posted yet!